Map: Arctic Dream LE

Players

Massa

  • Race: Terran Terran
  • League: Platinum
  • Spawn Location: 11:00

qqq

  • Race: Zerg Zerg
  • Spawn Location: 12:00

Pendergast - Winner!

  • Race: Terran Terran
  • League: Diamond
  • Spawn Location: 6:00

MySTiK - Winner!

  • Race: Protoss Protoss
  • League: Diamond
  • Spawn Location: 5:00

VOD

Have the link to the VOD?

Description

Time

  • Played on: March 16, 2021, 1:09 p.m.
  • Length: 22:51
Show
View Real Time Build Order
Export as new Build Order

Massa Terran 

Build Orders: 2 Factory 

Get SALT Encoding   

  12  0:01  SCV  
  13  0:13  SCV  
  14  0:17  Supply Depot  
  14  0:26  SCV  
  15  0:39  SCV  
  15  0:40  Barracks  
  16  0:51  SCV  
  17  1:03  SCV  
  18  1:39  Orbital Command  
  17  1:49  Command Center  
  17  1:55  Refinery  
  17  1:57  Refinery  
  17  1:59  Supply Depot  
  17  2:00  Marine  
  18  2:05  SCV  
  19  2:18  SCV, Marine  
  21  2:36  Marine  
  22  2:41  Factory  
  22  2:54  SCV  
  23  3:03  Factory  
  23  3:06  SCV  
  23  3:11  Barracks Tech Lab  
  23  3:12  Orbital Command  
  24  3:14  Refinery  
  24  3:18  SCV  
  24  3:38  Barracks Tech Lab  
  24  3:45  Cyclone  
  23  4:03  SCV x2  
  23  4:09  Supply Depot x2  
  24  4:10  Supply Depot  
  24  4:14  Cyclone  
  24  4:15  SCV x2  
  24  4:17  Cyclone, Mag-Field Accelerator  
  32  4:27  SCV x2, Engineering Bay  
  34  4:39  SCV x2  
  36  4:46  Cyclone  
  36  4:49  Cyclone  
  36  4:51  SCV x2  
  44  5:18  Cyclone  
  47  5:26  Widow Mine  
  49  5:28  SCV x2  
  49  5:32  Barracks  
  49  5:33  Barracks  
  51  5:38  Starport  
  51  5:40  SCV x2  
  51  5:41  Missile Turret  
  53  5:46  Missile Turret  
  53  5:48  Widow Mine  
  55  5:50  Missile Turret  
  55  5:51  Widow Mine  
  55  5:54  Terran Infantry Weapons Level 1, Missile Turret x2  
  57  6:01  Missile Turret  
  57  6:05  Barracks Tech Lab  
  57  6:07  SCV x2  
  59  6:19  SCV x2  
  55  7:07  Starport Tech Lab  
  55  7:08  Barracks Reactor, Barracks Tech Lab  
  41  7:24  Siege Tank x2  
  41  7:27  Marauder x2  
  41  7:29  Stimpack  
  49  7:30  Combat Shield  
  49  7:39  Barracks, Command Center  
  49  7:40  SCV x2  
  49  7:41  Barracks  
  51  7:45  Raven  
  51  7:47  Marine x2  
  51  7:48  Marauder x2  
  59  7:52  SCV x2  
  59  7:58  Refinery  
  61  8:02  Siege Tank  
  61  8:04  Widow Mine, SCV x2, Marine  
  61  8:05  Marine  
  70  8:08  Armory  
  70  8:16  Supply Depot  
  70  8:17  Supply Depot  
  70  8:18  Supply Depot  
  70  8:20  Supply Depot  
  70  8:24  Supply Depot  
  70  8:29  Barracks Reactor x2  
  70  8:37  Marine x4  
  70  8:38  Widow Mine, SCV x2  
  70  8:39  Medivac  
  80  8:49  Concussive Shells  
  80  8:55  SCV x2, Marine x4  
  86  9:07  SCV x2  
  88  9:12  Marine x4  
  88  9:13  Marine x3, Siege Tank x2  
  88  9:14  Marauder  
  103  9:19  SCV x2  
  103  9:21  Orbital Command  
  105  9:26  Refinery  
  105  9:27  Refinery  
  105  9:29  Marine  
  106  9:31  SCV, Marauder  
  106  9:32  SCV, Terran Vehicle Weapons Level 1  
  106  9:34  Terran Infantry Armor Level 1  
  106  9:35  Marauder  
  106  9:37  Engineering Bay  
  112  9:43  SCV  
  112  9:44  SCV  
  114  9:55  SCV  
  114  9:56  SCV, Raven  
  114  9:57  Marine  
  114  9:58  Marauder x2, Marine x2, Command Center  
  125  10:03  Smart Servos  
  125  10:18  Missile Turret  
  125  10:24  Missile Turret  
  125  10:26  Missile Turret  
  125  10:28  Corvid Reactor  
  125  10:32  Starport  
  125  10:44  Missile Turret  
  125  10:47  Supply Depot  
  125  10:48  Supply Depot  
  125  10:50  Supply Depot x2  
  125  10:52  Marine x2, Supply Depot  
  125  10:54  Missile Turret  
  125  10:56  Supply Depot  
  125  11:09  Marauder x2, Raven, Marine  
  132  11:12  Supply Depot  
  132  11:13  Supply Depot  
  132  11:14  Supply Depot x2  
  132  11:15  Missile Turret  
  132  11:19  Supply Depot  
  132  11:20  Marine  
  132  11:21  Marine x3  
  132  11:22  Supply Depot  
  132  11:23  Siege Tank x2  
  142  11:31  Marauder x2  
  118  11:49  Starport Reactor  
  118  11:51  Raven, Marine  
  118  11:52  Marauder x2  
  105  12:19  Marauder x2, Marine x2  
  110  12:34  Raven  
  112  12:40  Marauder x2  
  107  12:47  Siege Tank x2  
  107  12:48  Marine  
  107  12:49  Marine x5  
  112  13:01  Marauder x2  
  116  13:06  Marine  
  116  13:07  Marine x5  
  116  13:11  Medivac  
  116  13:12  Medivac  
  126  13:17  Medivac  
  126  13:19  Siege Tank x2  
  134  13:22  Marine  
  134  13:23  Marauder  
  134  13:24  Marine x5  
  142  13:32  SCV x3  
  145  13:35  Planetary Fortress  
  145  13:41  Marauder  
  133  13:44  SCV x2, Marauder  
  133  13:45  SCV  
  138  13:56  SCV  
  138  13:57  SCV  
  110  14:13  Siege Tank x2  
  110  14:15  Raven  
  110  14:16  Medivac x2  
  115  14:18  Marauder  
  115  14:19  Marauder, Marine x6  
  125  14:37  Marine x6  
  131  14:40  Marauder x2  
  138  14:45  Siege Tank x2  
  138  14:46  Medivac  
  136  14:54  Marine  
  136  14:55  Marine x5  
  136  14:58  Raven  
  136  15:01  SCV x3, Marauder  
  136  15:02  SCV, Marauder  
  141  15:12  Marine  
  141  15:13  SCV, Marine  
  137  15:15  SCV x3  
  137  15:17  Siege Tank  
  137  15:20  Missile Turret  
  140  15:23  Marauder x2  
  140  15:25  SCV  
  140  15:27  SCV x3  
  148  15:33  Command Center  
  148  15:40  Raven, Missile Turret  
  150  15:44  Marauder  
  150  15:48  Marauder, Marine x2  
  150  15:49  Marine x4  
  160  15:50  Terran Infantry Weapons Level 2  
  160  15:51  Terran Infantry Armor Level 2  
  160  16:01  Missile Turret  
  160  16:05  Marauder  
  160  16:06  Marine x6  
  160  16:09  Marauder  
  162  16:13  Refinery  
  141  16:18  Refinery  
  141  16:24  Marine x3, Missile Turret  
  144  16:27  Marauder  
  144  16:31  Marauder  
  130  16:37  Raven  
  130  16:38  Medivac x2  
  130  16:39  Marine  
  118  16:40  Marine x2  
  118  16:41  Marine, Siege Tank x2  
  118  16:42  Marine x2  
  130  16:48  Marauder  
  130  16:50  Planetary Fortress  
  130  16:52  Marauder  
  134  16:57  Marine  
  135  17:08  Medivac  
  137  17:10  Marauder  
  137  17:13  Siege Tank x2  
  137  17:14  Marauder  
  142  17:20  Raven  
  130  17:31  Marauder  
  130  17:35  Marauder  
  132  17:45  Siege Tank x2  
  129  17:52  Marauder  
  129  17:55  Marine x6  
  129  17:56  Marauder  
  82  18:06  Command Center  
  78  18:12  Marine  
  78  18:13  Marine x5  
  78  18:14  Marauder  
  78  18:17  Thor, Siege Tank  
  78  18:18  Marauder  
  94  18:30  Marine  
  94  18:31  Marine x5  
  100  18:35  Marauder  
  100  18:39  Marine  
  99  18:49  Siege Tank  
  99  18:52  Medivac x2  
  106  19:00  Siege Tank  
  109  19:10  Marauder, Marine  
  112  19:21  Siege Tank  
  115  19:26  Orbital Command  
  115  20:30  Marauder x2, Marine x4  
  123  20:51  Raven  
  122  21:24  Refinery  
  122  21:32  Siege Tank  
  125  21:33  Marauder, Marine, Siege Tank  
  125  21:34  Marauder, Marine x5, Command Center  
  125  21:36  Medivac x3  
  144  21:51  Marine  
  144  21:52  Marine x4  
  149  21:55  Marauder  
  100  22:24  Marauder x2, Marine x5  
Show
View Real Time Build Order
Export as new Build Order

qqq Zerg 

Build Orders: Hatch First 

Get SALT Encoding   

  12  0:01  Drone  
  13  0:11  Drone  
  14  0:18  Overlord  
  14  0:43  Hatchery  
  14  0:49  Drone  
  14  0:55  Drone  
  15  1:02  Drone  
  15  1:03  Drone  
  17  1:32  Drone, Spawning Pool  
  17  1:33  Drone x2, Extractor  
  18  1:58  Drone x2  
  18  2:00  Drone  
  21  2:06  Drone  
  21  2:07  Hatchery  
  22  2:08  Drone  
  22  2:24  Overlord  
  22  2:25  Drone  
  22  2:29  Queen  
  25  2:40  Queen  
  27  2:52  Metabolic Boost  
  27  2:54  Overlord  
  27  2:55  Drone  
  27  2:57  Drone  
  29  2:59  Drone  
  29  3:05  Zergling x2  
  31  3:06  Zergling x2  
  31  3:11  Zergling x2  
  31  3:12  Overlord  
  33  3:22  Zergling x4  
  33  3:23  Drone  
  36  3:29  Zergling x2  
  36  3:30  Evolution Chamber  
  36  3:32  Zergling x4  
  38  3:42  Zergling x4  
  38  3:43  Zergling x6  
  43  3:49  Zergling x2  
  44  4:14  Drone, Zergling x8  
  44  4:15  Drone, Zergling x14  
  57  4:23  Lair  
  57  4:28  Overlord  
  57  4:31  Zergling x2  
  57  4:36  Overlord x2  
  58  4:40  Zerg Melee Weapons Level 1  
  58  4:48  Zergling x2  
  58  4:49  Drone, Overlord  
  58  4:51  Zergling x2  
  58  4:52  Zergling x2  
  54  5:18  Zergling x10  
  54  5:19  Zergling x6  
  52  5:24  Zergling x8  
  52  5:25  Zergling x2  
  54  5:33  Zergling x6  
  54  5:34  Drone x2  
  58  5:40  Extractor, Spire  
  58  5:42  Drone, Zergling x2  
  55  5:55  Zergling x4  
  55  5:56  Zergling x4  
  55  6:26  Zergling x2  
  55  6:27  Zergling x16  
  55  6:28  Zergling x2  
  59  6:45  Zergling x2  
  59  6:46  Drone x2, Zergling x2  
  52  6:49  Spine Crawler  
  52  6:52  Extractor  
  52  6:53  Drone  
  52  6:54  Drone x2  
  53  7:01  Extractor  
  39  7:25  Mutalisk x4  
  45  7:32  Drone x2  
  45  7:33  Drone x4, Overlord x2  
  45  7:34  Drone x2  
  53  7:45  Extractor  
  53  7:46  Queen  
  54  7:52  Drone, Mutalisk, Corruptor  
  54  7:55  Corruptor  
  54  7:57  Drone  
  62  8:01  Drone  
  63  8:07  Zergling x6  
  63  8:08  Zergling x4, Overlord  
  68  8:14  Zerg Flyer Weapons Level 1  
  68  8:15  Mutalisk  
  68  8:18  Drone  
  71  8:20  Hatchery, Drone  
  71  8:21  Drone  
  72  8:32  Spine Crawler  
  71  8:34  Drone x2  
  71  8:35  Spore Crawler  
  71  8:36  Corruptor  
  71  8:39  Drone  
  75  8:41  Drone  
  76  8:51  Queen  
  78  8:55  Corruptor  
  78  8:56  Corruptor  
  82  9:04  Corruptor  
  82  9:05  Corruptor  
  82  9:07  Drone  
  82  9:08  Drone  
  88  9:20  Corruptor  
  88  9:21  Drone x3  
  88  9:22  Drone  
  92  9:39  Corruptor x2  
  92  9:41  Drone  
  92  9:42  Drone x3  
  92  9:43  Drone x4, Zergling x4  
  106  9:48  Drone x2  
  108  9:52  Extractor  
  107  10:10  Drone x3  
  107  10:11  Drone, Corruptor x2  
  107  10:12  Mutalisk  
  107  10:13  Corruptor  
  119  10:28  Spine Crawler x2  
  107  10:43  Spore Crawler  
  107  10:45  Drone  
  107  10:46  Drone x4  
  107  10:47  Spore Crawler, Overlord x2  
  107  10:48  Overlord x2  
  107  10:49  Drone x2  
  112  10:53  Overlord x2  
  112  10:58  Infestation Pit  
  109  11:16  Corruptor x3  
  109  11:17  Mutalisk x3  
  109  11:18  Drone x4  
  113  11:36  Zergling x10  
  113  11:37  Zergling x4  
  113  11:49  Zergling x8  
  113  11:50  Zergling x10  
  117  11:56  Mutalisk x2  
  121  12:06  Zergling x2, Corruptor  
  121  12:07  Zergling x4  
  124  12:11  Zergling x4  
  124  12:15  Zergling x4  
  104  12:38  Corruptor  
  104  12:39  Mutalisk, Corruptor  
  104  12:40  Mutalisk x2  
  114  12:50  Mutalisk x2  
  117  12:51  Drone x3  
  117  12:52  Drone x2  
  114  13:07  Corruptor x4  
  120  13:16  Extractor  
  120  13:17  Extractor  
  120  13:18  Drone x4, Corruptor x2  
  126  13:20  Spine Crawler  
  126  13:23  Hive  
  125  13:28  Hatchery  
  125  13:30  Queen  
  125  13:31  Drone, Corruptor  
  125  13:32  Drone, Corruptor  
  132  13:40  Zergling x10  
  137  13:51  Zergling x8  
  127  14:22  Spire  
  122  14:40  Zergling x4  
  122  14:41  Zergling x14  
  122  14:43  Zergling x12  
  122  14:44  Zergling x2  
  137  14:46  Greater Spire  
  137  15:07  Spine Crawler  
  137  15:09  Spine Crawler  
  137  15:10  Spine Crawler  
  137  15:12  Spine Crawler x2  
  137  15:13  Spine Crawler x3  
  129  15:15  Spine Crawler x3  
  129  15:17  Spine Crawler x2  
  129  15:20  Spine Crawler  
  123  15:22  Spine Crawler  
  123  15:24  Spine Crawler  
  118  15:28  Spine Crawler  
  118  15:34  Spine Crawler  
  103  15:53  Spine Crawler  
  103  15:54  Spine Crawler x2  
  99  15:57  Spine Crawler, Brood Lord x2  
  99  15:58  Brood Lord x9  
  99  15:59  Brood Lord  
  99  16:03  Zerg Flyer Armor Level 1  
  122  16:09  Zergling x8, Overlord  
  122  16:10  Zergling x8, Overlord  
  130  16:17  Spore Crawler  
  129  16:21  Spore Crawler  
  129  16:22  Spore Crawler  
  121  16:58  Corruptor x2  
  121  16:59  Corruptor x3  
  130  17:04  Hatchery  
  127  17:11  Hatchery  
  121  17:26  Hatchery  
  121  17:27  Corruptor x2  
  121  17:28  Corruptor x2  
  121  17:29  Drone  
  129  17:33  Zergling x4  
  130  17:57  Corruptor x2  
  130  17:58  Corruptor  
  136  17:59  Drone  
  109  18:38  Brood Lord x2  
  92  18:56  Drone  
  92  18:57  Drone x2  
  52  19:22  Drone x2  
  37  19:52  Lair  
  36  19:54  Spine Crawler  
  36  19:55  Drone x2  
  36  19:56  Spine Crawler  
  36  20:04  Drone  
  37  20:17  Drone  
  37  20:19  Drone  
  23  21:01  Spine Crawler  
  21  21:10  Drone  
  11  22:36  Hatchery  
Show
View Real Time Build Order
Export as new Build Order

Pendergast Terran - Winner!

Build Orders: Reaper Expand 

Get SALT Encoding   

  12  0:00  SCV  
  13  0:12  SCV  
  14  0:22  Supply Depot  
  14  0:24  SCV  
  15  0:44  SCV  
  15  0:45  Barracks  
  15  0:48  Refinery  
  16  0:56  SCV  
  17  1:08  SCV  
  18  1:20  SCV  
  19  1:39  Reaper, Orbital Command  
  20  1:51  Command Center  
  20  1:58  Refinery  
  20  2:04  SCV, Supply Depot  
  21  2:16  SCV  
  21  2:20  Barracks Reactor  
  22  2:25  Factory  
  22  2:29  SCV  
  22  2:41  SCV  
  23  2:53  SCV  
  23  2:57  Marine x2  
  26  3:03  Orbital Command  
  26  3:09  Refinery  
  26  3:10  Factory Tech Lab  
  26  3:11  SCV  
  27  3:23  SCV  
  27  3:24  Marine  
  27  3:25  Marine  
  30  3:30  Starport, Siege Tank  
  33  3:41  SCV  
  34  3:42  Marine x2  
  36  4:00  Marine x2  
  38  4:03  SCV  
  38  4:04  Siege Tank  
  38  4:09  SCV  
  43  4:10  Viking  
  44  4:17  Marine  
  44  4:18  SCV  
  44  4:21  Supply Depot  
  44  4:22  Supply Depot  
  46  4:26  Marine  
  46  4:27  SCV  
  48  4:35  SCV, Marine  
  48  4:38  Siege Tank  
  53  4:39  SCV  
  53  4:44  Marine  
  55  4:47  SCV  
  55  4:51  SCV  
  57  4:59  SCV  
  58  5:04  SCV  
  59  5:11  SCV  
  60  5:16  SCV  
  53  5:22  Marine x2  
  53  5:23  SCV  
  53  5:26  Siege Tank  
  53  5:27  Medivac  
  53  5:28  SCV  
  62  5:35  SCV  
  62  5:40  SCV, Marine x2  
  62  5:41  Barracks  
  62  5:42  Barracks, Supply Depot x2  
  66  5:48  SCV  
  64  5:57  SCV  
  65  6:06  SCV  
  65  6:10  Command Center  
  68  6:11  Hellion x2  
  68  6:12  Refinery  
  70  6:28  SCV x2  
  72  6:40  SCV  
  72  6:41  Hellion x2  
  72  6:45  SCV  
  71  6:52  SCV  
  71  6:54  Marine  
  70  6:55  Marine x2  
  70  6:57  SCV  
  73  7:01  Medivac  
  73  7:02  Stimpack  
  73  7:04  SCV  
  76  7:11  Marine  
  76  7:12  Marine  
  76  7:13  Marine  
  68  7:32  Barracks Reactor  
  68  7:33  Barracks Reactor, SCV  
  68  7:34  Hellion x2  
  68  7:35  Orbital Command  
  73  7:37  SCV  
  73  7:41  Engineering Bay x2  
  74  7:45  SCV  
  74  7:49  SCV  
  74  7:51  Barracks x2  
  76  7:52  Starport Reactor  
  76  7:57  SCV  
  77  8:01  SCV  
  78  8:08  Barracks  
  78  8:09  SCV, Barracks x2  
  78  8:12  Marine x5  
  84  8:13  SCV  
  84  8:15  Factory Tech Lab  
  84  8:16  Terran Infantry Weapons Level 1  
  84  8:17  Terran Infantry Armor Level 1  
  85  8:21  SCV  
  85  8:24  Orbital Command  
  85  8:25  SCV  
  87  8:30  Marine x2  
  87  8:32  Marine  
  87  8:33  SCV, Marine, Supply Depot  
  87  8:34  Medivac x2  
  94  8:35  Supply Depot  
  94  8:37  SCV, Supply Depot x2  
  94  8:38  Siege Tank  
  100  8:41  Refinery, Combat Shield  
  100  8:44  Missile Turret  
  100  8:45  Refinery, SCV  
  100  8:47  Barracks Reactor x2  
  101  8:49  Missile Turret  
  101  8:53  Factory, Missile Turret  
  101  8:55  SCV, Factory  
  102  8:56  Missile Turret x2  
  102  9:07  SCV  
  102  9:08  SCV  
  104  9:12  Missile Turret  
  104  9:15  SCV, Marauder, Missile Turret  
  104  9:17  Armory  
  107  9:19  Siege Tank  
  107  9:21  Marine x2  
  107  9:22  Barracks Reactor x2  
  112  9:26  SCV  
  112  9:27  SCV  
  114  9:31  Marine x3  
  114  9:32  Missile Turret  
  114  9:34  SCV  
  114  9:37  Factory Tech Lab  
  118  9:39  SCV, Factory Tech Lab  
  118  9:41  SCV  
  120  9:46  SCV, Supply Depot  
  120  9:47  Supply Depot  
  121  9:53  SCV  
  121  9:54  SCV, Marine x7  
  121  9:55  Marine x2  
  132  10:05  Terran Vehicle Weapons Level 1  
  132  10:08  Siege Tank x2  
  138  10:14  Terran Infantry Armor Level 2, Terran Infantry Weapons Level 2, Supply Depot  
  138  10:15  Marine x2  
  138  10:16  Supply Depot  
  138  10:17  Medivac, Supply Depot  
  142  10:24  SCV  
  142  10:25  SCV  
  144  10:29  Marine x5  
  149  10:36  Marine x6, Missile Turret  
  149  10:37  Missile Turret  
  149  10:39  Missile Turret  
  149  10:41  Siege Tank  
  149  10:42  SCV, Missile Turret  
  159  10:54  Factory Tech Lab  
  159  10:56  SCV  
  160  10:57  Siege Tank  
  160  11:01  Marine x6  
  160  11:03  Medivac x2  
  173  11:08  Supply Depot x2  
  171  11:16  Siege Tank  
  169  11:20  Marine x4  
  169  11:23  Marine x2  
  173  11:29  Marine x8  
  173  11:30  Marine, Siege Tank x2  
  146  11:51  Marine  
  146  11:52  Siege Tank  
  134  11:54  Marine x8  
  134  11:55  Marine x6  
  139  12:02  Siege Tank  
  126  12:09  Marine, Siege Tank  
  126  12:10  Medivac x2  
  126  12:12  Marine  
  126  12:14  Marine  
  130  12:16  Marine x7  
  135  12:23  Marine  
  135  12:24  Siege Tank  
  135  12:27  SCV  
  140  12:34  Siege Tank  
  136  12:41  Siege Tank  
  136  12:42  Marine x3  
  136  12:43  Marine  
  134  12:47  Terran Infantry Weapons Level 3, Marine x2, Terran Infantry Armor Level 3  
  136  13:05  Medivac x2  
  136  13:14  Marine  
  136  13:15  Marine x2  
  139  13:22  Terran Vehicle Weapons Level 2  
  139  13:25  Command Center, Missile Turret  
  139  13:27  Marine  
  139  13:28  Marine x4  
  139  13:29  Missile Turret  
  144  13:35  Medivac x2  
  139  13:49  SCV  
  140  14:02  Marine x6, Command Center  
  138  14:05  Medivac x2  
  138  14:09  Refinery  
  133  14:12  Refinery  
  133  14:14  Marine  
  127  14:35  Medivac x2  
  127  14:36  Marine x8  
  133  14:53  Marine  
  133  14:54  Marine x11  
  133  14:56  Planetary Fortress  
  133  14:59  SCV x2  
  148  15:00  SCV, Marine  
  148  15:03  Refinery  
  148  15:07  Refinery  
  148  15:13  Missile Turret  
  148  15:14  SCV x2  
  150  15:15  Planetary Fortress, Missile Turret x2  
  150  15:20  Marine  
  150  15:34  Marine  
  150  15:35  Marine x13  
  160  15:38  Marine  
  162  15:47  Siege Tank x3  
  168  15:52  Marine x5  
  160  16:19  Marine x12, Siege Tank x3  
  172  16:31  Marine  
  172  16:32  Marine x2  
  173  16:37  Marine x8  
  180  16:40  Marine x2  
  180  16:46  Starport  
  182  16:47  Starport  
  182  16:48  Terran Ship Weapons Level 1  
  182  16:49  Starport  
  182  16:51  Armory, Siege Tank  
  171  17:03  Marine x6  
  171  17:04  Siege Tank x2  
  179  17:25  Marine  
  179  17:26  Marine x14  
  179  17:29  Thor  
  198  17:43  Marine  
  198  17:44  Marine  
  196  17:58  Viking x5  
  198  18:23  Marine  
  198  18:24  Marine x3  
  196  18:27  Marine x2  
  196  18:28  Marine  
  196  18:33  Terran Vehicle And Ship Armor Level 1  
  196  18:46  Viking x4  
  199  18:50  Marine  
  199  19:02  Viking  
  183  19:16  Viking  
  179  19:18  Thor x2  
  179  19:20  Thor  
  195  19:32  Marine, Medivac x2  
  199  20:06  Command Center  
  196  20:08  Missile Turret  
  196  20:09  Missile Turret  
  196  20:11  Command Center  
  196  20:12  Command Center x2  
  196  20:13  Command Center  
  196  20:19  Marine x4, Missile Turret  
  190  20:43  Command Center  
  177  20:56  Marine  
  175  21:03  Marine  
  175  21:04  Marine x13  
  175  21:14  Hi-Sec Auto Tracking, Marine  
  172  21:21  Marine  
  172  21:22  Marine x13  
  186  21:32  Marine  
  187  21:33  Siege Tank x2  
  187  21:34  Siege Tank  
  187  21:36  Missile Turret  
  187  21:37  Missile Turret  
  187  21:39  Marine x2, Planetary Fortress  
  198  21:47  Orbital Command  
  198  21:48  Orbital Command  
  198  21:53  Orbital Command x2  
  198  22:07  Marine  
  198  22:08  Marine x3  
  199  22:11  Orbital Command  
  171  22:27  Marine  
Show
View Real Time Build Order
Export as new Build Order

MySTiK Protoss - Winner!

Build Orders: 1 Gate Expand, Phoenix Opening, Carriers 

Get SALT Encoding   

  12  0:00  Probe  
  13  0:12  Probe  
  14  0:18  Pylon  
  14  0:25  Probe  
  15  0:37  Probe  
  15  0:40  Gateway  
  16  0:49  Probe  
  17  0:54  Assimilator  
  17  1:01  Probe  
  18  1:13  Probe  
  19  1:25  Probe  
  20  1:27  Nexus  
  20  1:37  Cybernetics Core  
  20  1:40  Probe  
  21  1:47  Assimilator  
  21  2:00  Pylon  
  21  2:02  Probe  
  22  2:18  Adept  
  22  2:21  Probe  
  25  2:27  Stargate  
  25  2:31  Assimilator  
  25  2:33  Probe  
  26  2:39  Probe  
  27  2:45  Probe  
  27  2:48  Adept  
  30  2:51  Probe  
  30  2:57  Probe  
  32  3:03  Probe, Stargate  
  33  3:09  Probe  
  34  3:14  Phoenix (Chrono Boost)  
  36  3:20  Adept  
  36  3:23  Probe  
  36  3:26  Probe  
  40  3:32  Phoenix  
  42  3:36  Probe  
  43  3:48  Probe x2  
  45  3:53  Pylon  
  45  3:57  Assimilator  
  45  4:05  Probe  
  46  4:10  Phoenix x2 (Chrono Boost)  
  46  4:11  Probe  
  51  4:17  Probe, Pylon  
  51  4:21  Warp Gate  
  51  4:22  Adept  
  54  4:30  Pylon  
  54  4:35  Probe x2  
  54  4:36  Phoenix (Chrono Boost)  
  58  4:41  Phoenix (Chrono Boost)  
  60  4:47  Probe  
  60  4:52  Adept  
  63  4:55  Probe  
  63  4:58  Gateway  
  63  4:59  Probe  
  48  6:03  Probe x2  
  50  6:04  Phoenix x2  
  50  6:08  Gateway  
  50  6:09  Gateway  
  54  6:13  Adept  
  54  6:15  Probe  
  57  6:20  Gateway  
  57  6:23  Pylon  
  57  6:26  Pylon  
  43  6:40  Adept  
  45  6:56  Pylon  
  43  7:09  Stalker x3  
  49  7:23  Void Ray x2 (Chrono Boost)  
  49  7:36  Pylon  
  57  7:37  Pylon  
  57  7:44  Probe x2  
  59  7:55  Void Ray (Chrono Boost)  
  59  7:56  Probe  
  60  8:04  Nexus  
  64  8:06  Pylon  
  64  8:09  Pylon  
  64  8:10  Void Ray (Chrono Boost)  
  64  8:14  Probe x2 (Chrono Boost), Twilight Council  
  70  8:25  Probe x2 (Chrono Boost)  
  72  8:29  Shield Battery  
  72  8:30  Probe x2 (Chrono Boost), Shield Battery  
  74  8:36  Fleet Beacon  
  74  8:40  Probe  
  75  8:57  Phoenix x2  
  79  9:13  Assimilator  
  79  9:14  Assimilator  
  77  9:17  Stalker x4  
  77  9:22  Phoenix  
  87  9:28  Pylon  
  87  9:42  Phoenix  
  89  9:47  Phoenix  
  89  9:48  Probe (Chrono Boost)  
  89  9:49  Probe x2 (Chrono Boost)  
  94  9:58  Probe x3 (Chrono Boost)  
  97  10:03  Probe x3 (Chrono Boost)  
  100  10:07  Carrier  
  106  10:14  Probe  
  106  10:15  Probe x2  
  106  10:16  Carrier  
  115  10:26  Probe  
  115  10:27  Probe  
  115  10:50  Pylon  
  115  10:52  Pylon  
  115  10:54  Pylon  
  115  10:56  Pylon  
  115  10:58  Pylon  
  105  11:30  Stalker x2  
  105  11:31  Stalker x3  
  115  11:33  Carrier x2 (Chrono Boost)  
  105  11:56  Stalker x5  
  115  12:16  Nexus  
  99  12:43  Stalker x2  
  99  12:44  Stalker x3  
  103  12:45  Charge  
  103  12:51  Gateway x2  
  103  12:55  Gateway  
  103  12:57  Gateway  
  103  12:58  Gateway  
  97  13:13  Stalker x3  
  97  13:14  Stalker x2  
  97  13:15  Carrier x2 (Chrono Boost)  
  119  13:24  Pylon  
  118  13:33  Pylon  
  118  13:35  Pylon  
  118  13:49  Stalker x7  
  132  13:56  Nexus  
  120  14:58  Carrier x2 (Chrono Boost)  
  120  14:59  Pylon  
  120  15:00  Pylon  
  120  15:02  Pylon, Zealot x7  
  120  15:03  Zealot x3  
  120  15:04  Pylon  
  152  15:19  Probe x4  
  156  15:29  Forge  
  156  15:30  Forge  
  156  15:31  Probe  
  157  15:39  Protoss Air Weapons Level 1  
  143  16:02  Zealot x6  
  143  16:03  Zealot x4  
  118  16:41  Blink (Chrono Boost)  
  118  16:42  Stalker x3  
  118  16:43  Stalker x7  
  132  16:56  Probe x3  
  132  16:57  Probe  
  136  17:04  Assimilator  
  136  17:06  Stalker x4  
  136  17:07  Stalker x6  
  152  17:08  Probe x2  
  152  17:09  Probe, Assimilator  
  123  17:35  Stalker  
  123  17:36  Stalker x8  
  123  17:37  Stalker  
  121  18:00  Stalker x6  
  91  18:28  Stalker x5  
  55  19:10  Cybernetics Core  
  55  19:32  Nexus  
  55  19:37  Dark Shrine  
  55  19:42  Templar Archives  
  55  19:44  Pylon  
  55  19:53  Pylon  
  55  20:32  Nexus  
  55  20:36  Zealot x5  
  65  21:05  Assimilator  
  65  21:06  Dark Templar x3  
  71  21:48  Pylon  
  71  21:49  Pylon  
  71  21:50  High Templar x6  
  71  21:51  High Templar x3  
  89  21:54  Archon x3  
  89  21:55  Archon  
  83  22:30  High Templar x2  
  83  22:31  High Templar x5  
  83  22:32  High Templar x2  
  83  22:34  Archon  
  83  22:35  Archon x2  
  83  22:36  Archon  
Tags
 
Add a new tag
Caveats
  • Supply blocks, unpowered buildings, or Contaminate may cause inaccurate times.
  • Supply counts are checked every 10 seconds.